 Dungeon Crawl Stone Soup version 0.26.1-2-gb8aa6d0cf2 (webtiles) character file.

Game seed: 11911639639437057935

144 H0rd4k the Charlatan (level 5, -1/38 HPs)
             Began as a Human Artificer on Feb 15, 2021.
             Succumbed to an orc warrior's poison
             ... on level 3 of the Dungeon.
             The game lasted 00:04:40 (5100 turns).

H0rd4k the Charlatan (Human Artificer)              Turns: 5100, Time: 00:04:42

Health: -1/38      AC:  3    Str: 13    XL:     5   Next: 51%
Magic:  5/5        EV: 12    Int: 12    God:
Gold:   155        SH:  0    Dex: 13    Spells: 4/4 levels left

rFire    . . .     SeeInvis .   k - +0 short sword
rCold    . . .     Faith    .   (no shield)
rNeg     . . .     Spirit   .   b - +0 leather armour
rPois    .         Reflect  .   (no helmet)
rElec    .         Harm     .   (no cloak)
rCorr    .         Rampage  .   (no gloves)
Will     .....                  (no boots)
Stlth    ++........             (no amulet)
HPRegen  0.12/turn              (no ring)
MPRegen  0.09/turn              (no ring)

@: brilliant, lethally poisoned (-1 -> -11)
A: no striking features
a: no special abilities


You were on level 3 of the Dungeon.
You visited 1 branch of the dungeon, and saw 4 of its levels.

You collected 155 gold pieces.

Inventory:

Hand Weapons
 k - a +0 short sword (weapon)
Armour
 b - a +0 leather armour (worn)
Jewellery
 c - an uncursed ring of fire
Wands
 d - a wand of enslavement (7)
 e - a wand of random effects (10)
Scrolls
 a - a scroll of enchant armour {unknown}
 g - 7 scrolls of identify {unknown}
 i - 3 scrolls of enchant weapon {unknown}
 j - 2 scrolls of random uselessness {unknown}
 l - 2 scrolls of fear {unknown}
 m - a scroll of teleportation {unknown}
 o - a scroll of magic mapping {unknown}
 p - a scroll of amnesia {unknown}
Potions
 h - a potion of curing
 n - a potion of invisibility {unknown}
 q - a potion of degeneration {unknown}


   Skills:
 + Level 2.0 Fighting
 + Level 2.1 Short Blades
 + Level 2.8 Armour
 + Level 1.6 Dodging
 + Level 1.5 Stealth
 + Level 3.9 Evocations


You had 4 spell levels left.
You didn't know any spells.
Your spell library contained the following spells:

 Spells                   Type           Power        Failure   Level
 Animate Skeleton         Necr           0%           38%         1
 Apportation              Tloc           0%           38%         1
 Corona                   Hex            0%           38%         1
 Summon Small Mammal      Summ           0%           38%         1


Dungeon Overview and Level Annotations

Branches:
Dungeon (4/15)
 Temple: D:4-7

Altars:
Cheibriados

Annotations:
D:3 exclusion: 2 downstairs
D:4 Menkaure


Message History

Aim: an orc warrior, wielding a +2 hand axe of venom and wearing a +0 chain mail (severely wounded)
The puff of flame hits the orc warrior but does no damage.
The orc warrior is severely wounded.
Aiming: Random Effects
Press: ? - help, Shift-Dir - straight line, f/p - orc warrior
Aim: an orc warrior, wielding a +2 hand axe of venom and wearing a +0 chain mail (severely wounded)
The orc warrior flickers and vanishes!
Deactivating autopickup; reactivate with Ctrl-A.
Unknown command.
You can't go up here!
Something completely misses you. Something hits your bullfrog skeleton.
There is a stone staircase leading up here.
Something hits you!
* * * LOW HITPOINT WARNING * * *
You are lethally poisoned!
Something hits your bullfrog skeleton.
You climb upwards.
Level annotation: exclusion: 2 downstairs Reactivating autopickup.
You die...

#......##.#.##.......#.######.#.#
#########.#.....(....#........#.#
.....# #.###........##########.#
####.# #.# #..............(....#
# #.####.#############.....#####
# #..##.......#................#
# ##.########.#.######.....###.#
#####..#######.#.# #.............
................@# #.##########.#
###..#..####.#.#.# #.# #..
#.......[[...#####.# ###
#...#........#...#.#
#...#...#....#.#.#.#
#.###...#....#.#.#.##
#.####.##....#......#########
#............#..............#
########.###.##._.....#######.#


There were no monsters in sight!

Vanquished Creatures
  4 adders
  A white imp (D:3)
  2 worms
  2 dart slugs
  2 leopard geckos
  3 orcs (D:3)
  6 giant cockroaches
  7 hobgoblins
  A jackal (D:4)
  4 kobolds
  3 quokkas
  2 ball pythons
  8 bats
  4 frilled lizards
  3 goblins
  7 rats
59 creatures vanquished.

Vanquished Creatures (collateral kills)
  2 orc wizards (D:4)
  2 orcs (D:4)
  2 jackals (D:4)
6 creatures vanquished.

Vanquished Creatures (others)
  An orc wizard (D:4)
  An orc priest (D:4)
  A jackal (D:4)
3 creatures vanquished.

Grand Total: 68 creatures vanquished

Notes
Turn   | Place    | Note
-------+----------+-------------------------------------------
     0 | D:1      | H0rd4k the Human Artificer began the quest for the Orb.
     0 | D:1      | Reached XP level 1. HP: 15/15 MP: 1/1
   556 | D:1      | Reached XP level 2. HP: 18/21 MP: 2/2
  1580 | D:2      | Reached XP level 3. HP: 26/26 MP: 3/3
  2049 | D:2      | Reached XP level 4. HP: 30/32 MP: 4/4
  3168 | D:3      | Reached skill level 1 in Short Blades
  3330 | D:3      | Found a snail-covered altar of Cheibriados.
  3465 | D:3      | Reached XP level 5. HP: 38/38 MP: 5/5
  4453 | D:4      | Noticed Menkaure
  5058 | D:4      | HP: 1/38 [something/magic dart (8)]
  5066 | D:4      | HP: 1/38 [jackal (3)]
  5099 | D:4      | HP: 1/38 [something (8)]
  5100 | D:3      | Succumbed to an orc warrior's poison

Illustrated notes

Levels and vault maps discovered:
D:1:      dpeg_arrival_rooms_b, layout_basic, minmay_misc_feat_five,
          minivault_23
D:2:      layout_loops_cross
D:3:      layout_basic, overflow_temple_1_default
D:4:      layout_gridville, minmay_temple_entry_butterflies, uniq_menkaure,
          uniq_sigmund, uniq_ijyb

Skill      XL: |  1  2  3  4  5 |
---------------+----------------+-----
Short Blades   | 1 2 |  2.1
Fighting       | 2 |  2.0
Armour         | |  2.8
Dodging        | |  1.6
Stealth        | |  1.5
Evocations     | |  3.9

Action                   |  1- 3 |  4- 6 || total
-------------------------+-------+-------++-------
Melee: Club              |    80 |       ||    80
       Short sword       |    32 |   161 ||   193
Evoke: Wand              |    10 |    18 ||    28
  Use: Potion            |       |     3 ||     3
 Stab: Sleeping          |     2 |     4 ||     6
Armor: Leather armour    |    37 |    48 ||    85
Dodge: Dodged            |    70 |   103 ||   173
